 Dungeon Crawl Stone Soup version 0.31-a0-986-g5e6e4ef867 (webtiles) character file.

Game seed: 13026256307038717095

780 Whiskey the Changeling (level 7, -2/67 HPs)
             Began as a Troll Shapeshifter on Nov 5, 2023.
             Was an Initiate of Qazlal.
             Slain by a gnoll sergeant zombie
             ... wielding a +0 trident of venom
              (11 damage)
             ... on level 4 of the Dungeon.
             The game lasted 00:07:46 (3328 turns).

Whiskey the Changeling (Troll Shapeshifter)         Turns: 3328, Time: 00:07:47

Health: -2/67      AC:  4    Str: 23    XL:     7   Next: 55%
Magic:  6/6        EV:  9    Int:  8    God:    Qazlal [......]
Gold:   209        SH:  5    Dex:  9    Spells: 6/6 levels left

rFire   . .          .
                       - Unarmed
rCold   . . .        (no shield)
rNeg    . . .        a - +0 animal skin
rPois   .            (helmet currently unavailable)
rElec   .            (cloak currently unavailable)
rCorr   .            (gloves unavailable)
SInv    .            (boots unavailable)
Will    .....        x - amulet of reflection
Stlth   +            (no ring)
HPRegen 1.11/turn    (no ring)
MPRegen 0.10/turn

%: reflection
@: lethally poisoned (-2 -> -4), beast-form
A: beast (slay +3), large, unfitting armour, claws 3, regeneration 1, shaggy fur
1, tough skin 1
a: Begin Untransformation, Renounce Religion


You were on level 4 of the Dungeon.
You worshipped Qazlal.
Qazlal was noncommittal.
You were a hulking beast.
You visited 2 branches of the dungeon, and saw 5 of its levels.

You collected 209 gold pieces.

Inventory:

Missiles
 e - 8 javelins (quivered)
Armour
 a - a +0 animal skin (worn)
Jewellery
 o - an amulet of the acrobat
   (You found it on level 2 of the Dungeon)
 x - an amulet of reflection (around neck)
   (You found it on level 3 of the Dungeon)
Talismans
 c - a beast talisman
 d - a flux talisman
Wands
 t - a wand of flame (11)
   (You took it off Crazy Yiuf on level 2 of the Dungeon)
Scrolls
 h - 2 scrolls of teleportation {unknown}
 i - 2 scrolls of blinking {unknown}
 j - a scroll of poison {unknown}
 k - a scroll of revelation {unknown}
 l - 4 scrolls of identify {unknown}
 q - a scroll of noise {unknown}
 r - a scroll of silence {unknown}
 w - a scroll of fog {unknown}
 y - a scroll of vulnerability {unknown}
Potions
 b - a potion of lignification {!q}
 f - 2 potions of mutation {unknown}
 g - a potion of attraction {unknown}
 m - 2 potions of curing {unknown}
 n - a potion of haste {unknown}
 p - a potion of cancellation
 u - a potion of brilliance {unknown}
 z - a potion of enlightenment {unknown}


   Skills:
 + Level 3.4 Fighting
 - Level 1.7 Dodging
 + Level 5.1 Unarmed Combat
 * Level 6.1 Shapeshifting


You had 6 spell levels left.
You didn't know any spells.
Your spell library contained the following spells:

 Spells                   Type           Power      Damage    Failure   Level
 Sublimation of Blood     Necr           0%         N/A       54%         2
 Petrify                  Tmut/Erth      0%         N/A       99%         4
 Irradiate                Conj/Tmut      0%         3d11      100%        5
 Conjure Ball Lightning   Conj/Air       0%         3x3d6     100%        6
 Discord                  Hex            0%         N/A       100%        8
 Disjunction              Tloc           0%         N/A       100%        8


Dungeon Overview and Level Annotations

Branches:
Dungeon (4/15)             Temple (1/1) D:4

Altars:
Ashenzari
Cheibriados
Dithmenos
Elyvilon
Gozag
Hepliaklqana
Kikubaaqudgha
Makhleb
Nemelex Xobeh
Qazlal
Trog
Uskayaw
Vehumet

Shops:
D:2 [

Annotations:
D:4 1 transporter


Innate Abilities, Weirdness & Mutations

You are a hulking beast.
Your limbs bulge with bestial killing power. (Slay +3)
You are too large for most types of armour.
You have claws for hands.
Your natural rate of healing is unusually fast.
You are covered in fur. (AC +1)
You have tough skin. (AC +1)


Message History

You scratch strawberryx3c's ghost but do no damage.
Strawberryx3c's ghost says, "I was once a great warrior, and I still am!"
You block strawberryx3c's ghost's attack.
You claw strawberryx3c's ghost! Strawberryx3c's ghost hits you.
You scratch strawberryx3c's ghost but do no damage.
You claw strawberryx3c's ghost.
You destroy strawberryx3c's ghost!
Qazlal accepts your kill.
Your Unarmed Combat skill increases to level 5!
Your Shapeshifting skill increases to level 6!
You have reached level 7!
You regained 6 hp, and now have 52/67 hp.
MP restored: 6
There is an open translucent door here.
You now have 209 gold pieces (gained 11).
Partly explored, unvisited transporter.
Health restored: 67 Partly explored, unvisited transporter.
Partly explored, unvisited transporter.
There is an open translucent door here.
There is an open door here.
There is an escape hatch in the floor here.
There is a stone staircase leading up here.
There is an open door here.
There is an open door here.
There is a transporter here.
You enter the transporter and appear at another place.
s - a potion of resistance You open the gate.
A gnoll sergeant zombie comes into view.
It is wielding a +0 spear of venom.
The gnoll sergeant zombie hits you from afar with a +0 spear of venom.
You are poisoned.
You take 2 damage, and have 65/67 hp.
You feel very sick.
The gnoll sergeant zombie hits you but does no damage.
You are more poisoned.
There is an open gate here.
You take 2 damage, and have 63/67 hp.
You scratch the gnoll sergeant zombie.
You feel very sick.
The gnoll sergeant zombie hits you with a +0 spear of venom.
You are more poisoned.
You take 10 damage, and have 53/67 hp.
You claw the gnoll sergeant zombie!
You feel very sick.
The gnoll sergeant zombie completely misses you.
The gnoll sergeant zombie hits you with a +0 spear of venom.
You take 6 damage, and have 47/67 hp.
You claw the gnoll sergeant zombie!
You destroy the gnoll sergeant zombie!
Qazlal accepts your kill.
You feel very sick.
The gnoll sergeant zombie hits you from afar with a +0 trident of venom!
You are too injured to fight recklessly!
You take 16 damage, and have 31/67 hp.
MASSIVE DAMAGE!!
You are too injured to fight recklessly!
You are too injured to fight recklessly!
You are too injured to fight recklessly!
You are too injured to fight recklessly!
You are too injured to fight recklessly!
You are too injured to fight recklessly!
You are too injured to fight recklessly!
You are too injured to fight recklessly!
You are too injured to fight recklessly!
You are too injured to fight recklessly!
You are too injured to fight recklessly!
You are too injured to fight recklessly!
You are too injured to fight recklessly!
You are too injured to fight recklessly!
You are too injured to fight recklessly!
You are too injured to fight recklessly!
You are too injured to fight recklessly!
You are too injured to fight recklessly!
You feel very sick.
The gnoll sergeant zombie closely misses you.
You take 3 damage, and have 28/67 hp.
You feel very sick.
You take 2 damage, and have 26/67 hp.
You feel very sick.
The gnoll sergeant zombie hits you from afar with a +0 trident of venom!
* * * LOW HITPOINT WARNING * * *
You are more poisoned.
You take 9 damage, and have 17/67 hp.
Okay, then.
You feel very sick.
You see here a +0 dagger.
You take 3 damage, and have 14/67 hp.
You feel very sick.
There is a transporter here.
You take 3 damage, and have 11/67 hp.
You feel protected.
You feel very sick.
You take 1 damage, and have 10/67 hp.
It was a potion of cancellation.
Your magical effects are unravelling.
You feel magically purged.
Your resistance to elements expires.
You feel sick.
The gnoll sergeant zombie hits you from afar with a +0 trident of venom!
You die...

#.##....#○○...°○##.#
#.##.##.#°○#.#○☼##.#
#.##.##.#°☼...○°##.#
#..)...####○°○####.#
####.###☼.°○○.○°.### #.#
#○○○°°☼☼○☼# #.###○○○.Z.☼°°#
#...#○○☼$)$○☼○#
#######○○☼(h!○○○#
#.....###########
#.#####.#..©.## #.#####.#.....##
####### #.##....#.#..#.##
#.....#
######.#...........#.###.....#
#............#..##.....†.....#
#.####.#.........###.###.....###
#.# #.##.........#.## #.......#


You could see a gnoll sergeant zombie.

Vanquished Creatures
  The ghost of strawberryx3c the Protected, a novice GnWn of Okawaru (D:4)
  An ogre (D:4)
  A bullfrog (D:4)
  A scorpion (D:4)
  A hound (D:4)
  An orc priest (D:3)
  Crazy Yiuf (D:2)
  A sleepcap (D:4)
  An iguana (D:3)
  An orc wizard (D:3)
  5 adders
  A gnoll zombie (D:4)
  A worm (D:2)
  2 dart slugs
  4 orcs
  6 endoplasms
  A giant cockroach (D:3)
  6 goblins
  6 hobgoblins
  10 jackals
  5 quokkas
  7 ball pythons
  3 bats
  A frilled lizard (D:3)
  10 kobolds
  6 rats
84 creatures vanquished.

Notes
Turn   | Place    | Note
-------+----------+-------------------------------------------
     0 | D:1      | Whiskey the Troll Shapeshifter began the quest for the Orb.
     0 | D:1      | Reached XP level 1. HP: 18/18 MP: 0/0
    38 | D:1      | Reached skill level 1 in Fighting
    56 | D:1      | Reached XP level 2. HP: 27/27 MP: 1/1
   627 | D:1      | Reached XP level 3. HP: 33/33 MP: 2/2
   978 | D:2      | Found Tenleq's Armour Shoppe.
  1177 | D:2      | Found a runed translucent door.
  1178 | D:2      | Noticed Crazy Yiuf
  1253 | D:2      | Killed Crazy Yiuf
  1254 | D:2      | Reached XP level 4. HP: 42/42 MP: 3/3
  1452 | D:2      | Reached skill level 4 in Shapeshifting
  1595 | D:3      | Reached skill level 2 in Fighting
  1597 | D:3      | Reached XP level 5. HP: 21/49 MP: 4/4
  1840 | D:3      | Reached skill level 4 in Unarmed Combat
  2042 | D:3      | Found a shadowy altar of Dithmenos.
  2235 | D:4      | Identified the of Uroezal
  2274 | D:4      | Found a transporter.
  2278 | D:4      | Found a staircase to the Ecumenical Temple.
  2302 | D:4      | Reached XP level 6. HP: 59/59 MP: 5/5
  2309 | Temple   | Entered the Ecumenical Temple
  2317 | Temple   | Became a worshipper of Qazlal Stormbringer
  2472 | D:4      | Reached skill level 5 in Shapeshifting
  2576 | D:4      | Found a snail-covered altar of Cheibriados.
  2753 | D:4      | Found a bloodstained altar of Trog.
  2955 | D:4      | Noticed strawberryx3c's ghost (novice GnWn)
  2956 | D:4      | Found a runed translucent door.
  3003 | D:4      | Found a transporter.
  3079 | D:4      | Reached skill level 3 in Fighting
  3216 | D:4      | Killed strawberryx3c's ghost
  3217 | D:4      | Reached skill level 5 in Unarmed Combat
  3217 | D:4      | Reached skill level 6 in Shapeshifting
  3217 | D:4      | Reached XP level 7. HP: 52/67 MP: 6/6
  3325 | D:4      | HP: 14/67 [poisoned by a gnoll sergeant zombie]
  3328 | D:4      | Slain by a gnoll sergeant zombie

Illustrated notes

Levels and vault maps discovered:
D:1:      minmay_arrival_wavy_path, layout_loops_cross, minmay_misc_feat_x,
          chequers_serial_rivers_micro_a
D:2:      layout_loops_ring, serial_shops, shop, serial_bayou_pond_b,
          uniq_crazy_yiuf_cottage
D:3:      layout_basic, nicolae_dithmenos_through_a_glass_darkly,
          grunt_decor_cap, minmay_fountain_box
D:4:      gammafunk_cloud_chamber, layout_loops_corners,
          mainiacjoe_overflow_paths, trog_book, temple_fountains,
          gammafunk_ghost_grave
Temple:   hellmonk_temple_rainy

Skill      XL: |  1  2  3  4  5  6 |
---------------+-------------------+-----
Fighting       | 1 2 3 |  3.4
Shapeshifting  | 4 6 |  6.1
Unarmed Combat | 4 5 |  5.1
Dodging        | |  1.7

Action                     |  1- 3 |  4- 6 |  7- 9 || total
---------------------------+-------+-------+-------++-------
  Melee: Unarmed           |    83 |   120 |     3 ||   206
         Punch             |     2 |     3 |       ||     5
    Use: Potion            |       |       |     2 ||     2
   Stab: Sleeping          |       |     1 |       ||     1
 Armour: Animal skin       |    38 |    50 |     7 ||    95
  Dodge: Dodged            |    32 |    53 |     2 ||    87
  Block: Other             |       |    13 |       ||    13

Table legend: (Time is in decaauts)
 A = Elapsed time spent in this place.
 B = Non-inter-level travel time spent in this place.
 C = Inter-level travel time spent in this place.
 D = Time resting spent in this place.
 E = Time spent auto-exploring this place.
 F = Levels seen in this place.
 G = Mean time per level.
                   A        B        C        D        E       F      G
               +--------+--------+--------+--------+--------+-----+--------+
         Total |   3314 |   3143 |    171 |     20 |   2560 |   5 |  662.8 |
       Dungeon |   3297 |   3126 |    171 |     20 |   2560 |   4 |  824.2 |
        Temple |     16 |     16 |      0 |      0 |      0 |   1 |   16.0 |
               +--------+--------+--------+--------+--------+-----+--------+

Top non-repeatable levels by time:
     D:4: 1070 daAuts
     D:2: 792 daAuts
     D:3: 758 daAuts
     D:1: 676 daAuts
  Temple: 16 daAuts

Levels and vault maps discovered:
D:1:      minmay_arrival_wavy_path, layout_loops_cross, minmay_misc_feat_x,
          chequers_serial_rivers_micro_a
D:2:      layout_loops_ring, serial_shops, shop, serial_bayou_pond_b,
          uniq_crazy_yiuf_cottage
D:3:      layout_basic, nicolae_dithmenos_through_a_glass_darkly,
          grunt_decor_cap, minmay_fountain_box
D:4:      gammafunk_cloud_chamber, layout_loops_corners,
          mainiacjoe_overflow_paths, trog_book, temple_fountains,
          gammafunk_ghost_grave
Temple:   hellmonk_temple_rainy

Table legend: (Time is in decaauts)
 A = Elapsed time spent in this place.
 B = Non-inter-level travel time spent in this place.
 C = Inter-level travel time spent in this place.
 D = Time resting spent in this place.
 E = Time spent auto-exploring this place.
 F = Levels seen in this place.
 G = Mean time per level.
                   A        B        C        D        E       F      G
               +--------+--------+--------+--------+--------+-----+--------+
         Total |   3314 |   3143 |    171 |     20 |   2560 |   5 |  662.8 |
       Dungeon |   3297 |   3126 |    171 |     20 |   2560 |   4 |  824.2 |
        Temple |     16 |     16 |      0 |      0 |      0 |   1 |   16.0 |
               +--------+--------+--------+--------+--------+-----+--------+

Top non-repeatable levels by time:
     D:4: 1070 daAuts
     D:2: 792 daAuts
     D:3: 758 daAuts
     D:1: 676 daAuts
  Temple: 16 daAuts

Table legend:
 A = Kills in this place as a percentage of kills in the entire game.
 B = Kills by you in this place as a percentage of kills by you in the entire game.
 C = Kills by friends in this place as a percentage of kills by friends in the entire game.
 D = Other kills in this place as a percentage of other kills in the entire game.
 E = Experience gained in this place as a percentage of experience gained in the entire game.
 F = Experience gained in this place divided by the number of levels of this place that you have seen.
                   A       B       C       D       E      F
               +-------+-------+-------+-------+-------+----------------------
         Total | 100.0 | 100.0 |   N/A |   N/A | 100.0 | 223.0
       Dungeon | 100.0 | 100.0 |   N/A |   N/A | 100.0 | 278.8
               +-------+-------+-------+-------+-------+----------------------
